 Dungeon Crawl Stone Soup version 0.25-a0-35-g747a2b3c0c (webtiles) character file.

Game seed: 1597824204974193887, levelgen mode: deterministic

122 Golodhrim the Chopper (level 5, -9/45 HPs)
             Began as a Hill Orc Fighter on Oct 18, 2019.
             Mangled by a gnoll
             ... wielding a +0 halberd
              (12 damage)
             ... on level 2 of the Dungeon on Oct 19, 2019.
             The game lasted 00:22:33 (1856 turns).

Golodhrim the Chopper (Hill Orc Fighter)            Turns: 1856, Time: 00:22:34

Health: -9/45      AC:  8    Str: 25    XL:     5   Next: 6%
Magic:  5/5        EV:  8    Int:  8    God:
Gold:   118        SH: 10    Dex: 10    Spells: 4/4 levels left

rFire    . . .     SeeInvis .   a - +0 war axe
rCold    . . .     Gourm    .   c - +0 shield
rNeg     . . .     Faith    .   b - +0 scale mail
rPois    .         Spirit   .   (no helmet)
rElec    .         Reflect  .   (no cloak)
rCorr    .         Harm     .   (no gloves)
MR       .....                  r - +0 pair of boots
Stlth    ..........             (no amulet)
HPRegen  0.15/turn              (no ring)
MPRegen  0.09/turn              (no ring)

@: mighty
A: no striking features
a: no special abilities


You were on level 2 of the Dungeon.
You were not hungry.

You visited 1 branch of the dungeon, and saw 3 of its levels.

You collected 118 gold pieces.

Inventory:

Hand Weapons
 a - a +0 war axe (weapon)
 g - a +5 dagger
 i - a +0 hunting sling
Missiles
 e - 90 stones (quivered)
Armour
 b - a +0 scale mail (worn)
 c - a +0 shield (worn)
 m - a +0 leather armour
 r - a +0 pair of boots (worn)
Scrolls
 j - a scroll of fog
 n - a scroll of remove curse
 o - a scroll of immolation {unknown}
 p - 2 scrolls of fear
 q - a scroll of amnesia {unknown}
 s - a scroll of enchant weapon {unknown}
 t - a scroll of enchant armour {unknown}
 u - a scroll of identify
Potions
 h - a potion of haste {unknown}
 k - a potion of brilliance {unknown}
 l - a potion of flight
Comestibles
 f - 7 rations


   Skills:
 - Level 3.6 Fighting
 * Level 5.3 Axes
 + Level 4.0 Armour
 + Level 0.6 Dodging
 + Level 3.9 Shields


You had 4 spell levels left.
You didn't know any spells.
Your spell library was empty.

Dungeon Overview and Level Annotations

Branches:
Dungeon (3/15)

Altars:
Elyvilon


Message History

The gnoll is severely wounded.
The gnoll hits you with a +0 halberd.
* * * LOW HITPOINT WARNING * * *
You hit the gnoll but do no damage.
The gnoll is severely wounded.
The gnoll barely misses you. The gnoll closely misses you.
Your scale mail prevents you from hitting the gnoll.
The gnoll is severely wounded.
You block the gnoll's attack.
You closely miss the gnoll.
The gnoll is severely wounded.
You block the gnoll's attack.
You hit the gnoll.
The gnoll is almost dead.
The gnoll hits you with a +0 halberd!
* * * LOW HITPOINT WARNING * * *
Sorry, you're not good enough to have a special ability.
You feel very mighty all of a sudden. The gnoll hits you with a +0 halberd!
You die...

..##.####.#
#...###.#...)†..##.#
..........#####.#
##..###).....#
..##.......#
#.#####)# #...####
..#..#.##..#
#.......# #...#
###..#...#..#
####.#### #...#
.........#.... #.#
#...###..
..####...####.# #.#
#.......# ..# ##+##
#..###.# #.#.#####
... #..g@..# #.#.#
#.# #.###.#### #.#.#
#....# #.#.# #.##.#
#.#.# #†# # #.#.#
#.. g> .# .%.# ..##
###.


You could see a gnoll.

Vanquished Creatures
  A gnoll shaman (D:2)
  2 adders (D:2)
  2 gnolls (D:2)
  2 worms
  2 dart slugs
  4 giant cockroaches
  9 goblins
  4 hobgoblins
  4 jackals (D:2)
  4 kobolds (D:1)
  5 bats
  4 frilled lizards
  2 rats (D:1)
45 creatures vanquished.

Notes
Turn   | Place    | Note
-------+----------+-------------------------------------------
     0 | D:1      | Golodhrim the Hill Orc Fighter began the quest for the Orb.
     0 | D:1      | Reached XP level 1. HP: 19/19 MP: 1/1
   190 | D:1      | Reached XP level 2. HP: 18/26 MP: 2/2
   192 | D:1      | Reached skill level 3 in Axes
   611 | D:1      | Reached XP level 3. HP: 31/31 MP: 3/3
  1144 | D:2      | Reached skill level 4 in Axes
  1307 | D:2      | Reached XP level 4. HP: 31/39 MP: 4/4
  1443 | D:2      | Reached skill level 5 in Axes
  1620 | D:2      | Found a white marble altar of Elyvilon.
  1743 | D:2      | Reached XP level 5. HP: 45/45 MP: 5/5
  1856 | D:2      | Mangled by a gnoll

Levels and vault maps discovered:
D:1:      lightli_arrival_isolated_outpost, layout_rooms
D:2:      layout_loops_ring, evilmike_ruin_ashenzari, elyvilon_altar_5,
          led_sif_pool
D:3:      layout_loops_ring, lemuel_doored_altar, kiku_gazebo_pond_becter,
          fedhas_altar_4, uniq_sigmund

Skill      XL: |  1  2  3  4 |
---------------+-------------+-----
Axes           | 3 4 5 |  5.3
Armour         | 4 |  4.0
Fighting       | |  3.6
Dodging        | |  0.6
Shields        | |  3.9

Action                   |  1- 3 |  4- 6 || total
-------------------------+-------+-------++-------
Melee: War axe           |   102 |    51 ||   153
Throw: Stone             |    28 |       ||    28
  Use: Scroll            |     4 |       ||     4
       Potion            |       |     1 ||     1
  Eat: Chunk             |     1 |     2 ||     3
Armor: Scale mail        |    40 |    25 ||    65
       Leather armour    |    10 |       ||    10
Dodge: Dodged            |    33 |    28 ||    61
Block: Shield            |    56 |    37 ||    93

Table legend:
 A = Non-vault XP
 B = Vault XP
 C = Vault XP percentage of total XP
 D = Non-vault monster count
 E = Vault monster count
 F = Vault count percentage of total count
                 A         B        C        D         E       F
            +---------+---------+-------+---------+---------+-------
      Total |     175 |       0 |   0.0 |      45 |       0 |   0.0
            +---------+---------+-------+---------+---------+-------
        D:1 |      34 |       0 |   0.0 |      19 |       0 |   0.0
        D:2 |     141 |       0 |   0.0 |      26 |       0 |   0.0
            +---------+---------+-------+---------+---------+-------
